 Dungeon Crawl Stone Soup version 0.21-a0-79-g04744e2 (webtiles) character file.

156 sagitran the Poker (level 5, 0/58 HPs)
             Began as a Demonspawn Gladiator on June 19, 2017.
             Succumbed to a scorpion's poison
             ... on level 4 of the Dungeon on June 22, 2017.
             The game lasted 00:25:29 (2424 turns).

sagitran the Poker (Demonspawn Gladiator)           Turns: 2424, Time: 00:25:30

Health: 0/58       AC: 22    Str: 19    XL:     5   Next: 15%
Magic:  5/5        EV:  2    Int: 10    God:
Gold:   158        SH:  0    Dex: 15    Spells: 3/4 levels left

rFire    . . .     SeeInvis .   a - +0 trident
rCold    . . .     Gourm    .   (no shield)
rNeg     + + +     Faith    .   (armour currently unavailable)
rPois    +         Spirit   .   (helmet currently unavailable)
rElec    .         Reflect  .   (cloak currently unavailable)
rCorr    .         Harm     +   (gloves currently unavailable)
MR       .....     NoTele   +   (boots currently unavailable)
Stlth    +++.......             g - amulet of harm
HPRegen  0.19/turn              m - +5 ring of strength
MPRegen  0.09/turn              (no ring)

@: lethally poisoned (0 -> -11), tree-form, very slightly contaminated
A: nightstalker 1
a: no special abilities


You were on level 4 of the Dungeon.
You were not hungry.
You were a tree.
You visited 1 branch of the dungeon, and saw 4 of its levels.

You collected 158 gold pieces.

Inventory:

Hand Weapons
 a - a +0 trident (weapon)
Missiles
 d - 2 throwing nets (quivered)
Armour
 b - a +0 leather armour (melded)
 c - a +0 helmet (melded)
 i - a +0 cloak (melded)
 q - a +0 scale mail of fire resistance
 s - a +1 pair of gloves (melded)
Jewellery
 g - an amulet of harm (around neck)
 m - a +5 ring of strength (left branch)
Wands
 e - a wand of iceblast (5/15)
Scrolls
 l - a scroll of fear
Books
 k - a book of Minor Magic

   Spells                             Type                      Level
   a - Magic Dart                     Conjuration                  1
   b - Blink                          Translocation                2
   c - Call Imp                       Summoning                    2
   d - Slow                           Hexes                        2
   e - Conjure Flame                  Conjuration/Fire             3
   f - Mephitic Cloud                 Conjuration/Poison/Air       3
Comestibles
 f - a bread ration
 h - 8 meat rations
 o - 2 royal jellies


   Skills:
 + Level 2.7 Fighting
 + Level 3.9 Polearms
 + Level 1.9 Throwing
 + Level 1.2 Armour
 + Level 3.3 Dodging
 + Level 1.6 Stealth


You had 3 spell levels left.
You knew the following spells:

 Your Spells              Type           Power        Failure   Level  Hunger
a - Magic Dart            Conj           #...         36%         1    ##.....


Dungeon Overview and Level Annotations

Branches:
Dungeon (4/15)
 Temple: D:4-7

Altars:
Cheibriados
Gozag


Innate Abilities, Weirdness & Mutations

((You are partially covered in yellow scales. (AC +2)))
You are slightly more attuned to the shadows.


Message History

* * * LOW HITPOINT WARNING * * *
You feel sick.
* * * LOW HITPOINT WARNING * * *
You feel sick.
* * * LOW HITPOINT WARNING * * *
You feel sick.
* * * LOW HITPOINT WARNING * * *
You feel sick.
* * * LOW HITPOINT WARNING * * *
You feel sick.
* * * LOW HITPOINT WARNING * * *
You feel sick.
* * * LOW HITPOINT WARNING * * *
You feel sick.
You turn into a tree.
Your +0 cloak melds into your body.
Your +0 helmet melds into your body.
Your +1 pair of gloves melds into your body.
Your +0 leather armour melds into your body.
Your roots penetrate the ground.
You die...

#..................
#..................
#.......#..........
#......s##..
#....S......
####........
##........
#.........
#..♣...#..
#......#..
#......## #......#
#....... #........
###.......


You could see a scorpion and an adder.

Vanquished Creatures
  Ijyb (D:3)
  Robin (D:3)
  3 adders (D:2)
  An ooze (D:2)
  A worm (D:2)
  2 dart slugs
  3 leopard geckos
  2 ball pythons (D:1)
  3 giant cockroaches (D:3)
  16 goblins
  10 hobgoblins
  4 jackals (D:2)
  A quokka (D:3)
  8 bats
  2 frilled lizards (D:2)
  9 kobolds
  9 rats
76 creatures vanquished.

Notes
Turn   | Place    | Note
-------+----------+-------------------------------------------
     0 | D:1      | sagitran the Demonspawn Gladiator began the quest for the Orb.
     0 | D:1      | Reached XP level 1. HP: 16/16 MP: 1/1
   121 | D:1      | Gained mutation: You are slightly more attuned to the shadows. [demonic ancestry]
   121 | D:1      | Reached XP level 2. HP: 20/22 MP: 2/2
   433 | D:1      | Found a snail-covered altar of Cheibriados.
   779 | D:2      | Found an opulent altar of Gozag.
   842 | D:2      | Gained mutation: You are partially covered in yellow scales. (AC +2) [demonic ancestry]
   842 | D:2      | Reached XP level 3. HP: 28/28 MP: 3/3
  1330 | D:2      | Learned a level 1 spell: Magic Dart
  1377 | D:2      | Upgraded the game from 0.21-a0-71-g5e5ddd2 to 0.21-a0-79-g04744e2
  1381 | D:2      | Reached XP level 4. HP: 25/34 MP: 4/4
  1467 | D:2      | Reached skill level 1 in Armour
  1563 | D:3      | Reached skill level 1 in Stealth
  1772 | D:3      | Noticed Ijyb
  1795 | D:3      | Killed Ijyb
  2010 | D:3      | Noticed Robin
  2127 | D:3      | Killed Robin
  2127 | D:3      | Reached XP level 5. HP: 22/39 MP: 0/5
  2423 | D:4      | HP: 1/39 [poisoned by a scorpion]
  2424 | D:4      | Succumbed to a scorpion's poison

Vault maps used:
D:1:      lemuel_arrival_lava_pool, cheibriados_altar_1
D:2:      grunt_gozag_breadcrumbs
D:3:      uniq_ijyb, uniq_robin
D:4:      zin_scriptorium, minmay_temple_entry_mist, gup_sewer_entry_spiral,
          first_bread

Skill      XL: |  1  2  3  4 |
---------------+-------------+-----
Polearms       | 3 |  3.9
Dodging        | 3 |  3.3
Armour         | 1 |  1.2
Stealth        | 1 |  1.6
Fighting       | |  2.7
Throwing       | |  1.9

Action                   |  1- 3 |  4- 6 || total
-------------------------+-------+-------++-------
Melee: Trident           |   127 |   118 ||   245
Throw: Throwing net      |     2 |     1 ||     3
 Cast: Magic Dart        |       |     6 ||     6
  Use: Scroll            |     4 |     5 ||     9
       Potion            |       |     4 ||     4
 Stab: Sleeping          |     9 |    12 ||    21
       Distracted        |     1 |       ||     1
       Held in net/web   |     1 |       ||     1
  Eat: Royal jelly       |     1 |       ||     1
       Bread ration      |       |     1 ||     1
Armor: Leather armour    |    29 |    34 ||    63
       Skin              |       |     2 ||     2
Dodge: Dodged            |    66 |    67 ||   133
